 Dungeon Crawl Stone Soup version 0.30-a0-1018-g25214051b3 (webtiles) character file.

Game seed: 17248393430672469842

30 bearlyready the Slasher (level 3, -1/23 HPs)
             Began as a Tengu Fighter on Apr 8, 2023.
             Slain by a goblin
             ... wielding a +0 club
             ... led by Robin
              (3 damage)
             ... on level 2 of the Dungeon.
             The game lasted 00:02:00 (1013 turns).

bearlyready the Slasher (Tengu Fighter)             Turns: 1013, Time: 00:02:00

Health: -1/23      AC:  6    Str: 12 (14) XL:     3   Next: 20%
Magic:  4/4        EV:  8    Int:  5 (8)  God:
Gold:   66         SH:  4    Dex: 13 (15) Spells: 2/2 levels left

rFire   x . .      SeeInvis .    a - +0 long sword
rCold   . . .      Faith    .    c - +0 buckler
rNeg    . . .      Spirit   .    b - +0 scale mail
rPois   .          Reflect  .    (helmet restricted)
rElec   .          Rampage  .    (no cloak)
rCorr   .                        (no gloves)
Will    .....                    (boots unavailable) Stlth
                                 (no amulet)
HPRegen 0.23/turn                (no ring)
MPRegen 0.09/turn                (no ring)

@: no status effects
A: beak, talons 3, deterioration 1, weak 1, heat vulnerability 1
a: no special abilities


You were on level 2 of the Dungeon.
You visited 1 branch of the dungeon, and saw 2 of its levels.

You collected 66 gold pieces.

Inventory:

Hand Weapons
 a - a +0 long sword (weapon)
Armour
 b - a +0 scale mail (worn)
 c - a +0 buckler (worn)
Scrolls
 g - a scroll of identify {unknown}
Potions
 d - a potion of might
 e - a potion of degeneration
 h - a potion of heal wounds {unknown}


   Skills:
 - Level 3.0 Fighting
 + Level 3.9 Long Blades
 - Level 3.2 Armour
 - Level 3.0 Shields


You had 2 spell levels left.
You didn't know any spells.
Your spell library contained the following spells:

 Spells                   Type           Power      Damage    Failure   Level
 Summon Lightning Spire   Summ/Air       0%         N/A       100%        4
 Storm Form               Tmut/Air       0%         N/A       100%        7
 Maxwell's Capacitive Co  Air            0%         ∞         100%        8


Dungeon Overview and Level Annotations

Branches:
Dungeon (2/15)

Altars:

Shops:
D:2 *

Annotations:
D:2 Robin


Innate Abilities, Weirdness & Mutations

You have a beak for a mouth.
You have claws for feet.
Your body sometimes deteriorates upon taking damage.
You are weak. (Str -2)
You are vulnerable to heat. (rF-)


Message History

The frilled lizard bites you but does no damage.
You slash the frilled lizard!
You kill the frilled lizard!
A goblin comes into view.
It is wielding a +1 dagger of protection.
Robin throws the goblin at you!
You miss the goblin.
The goblin shouts! x2
Your kick misses the goblin. You peck the goblin.
The goblin is severely wounded.
Robin roars a battlecry!
The goblins go into a battle-frenzy!
The goblin hits you but does no damage.
A goblin comes into view. It is wielding a +0 club.
You barely miss the goblin. You claw the goblin.
You kill the goblin!
A goblin comes into view. It is wielding a +0 club.
Robin throws the goblin at you! The goblin hits you with a +0 dagger.
The goblin hits you but does no damage.
You barely miss the goblin. Your kick misses the goblin.
Your peck misses the goblin. The goblin hits you with a +0 club.
The goblin hits you but does no damage.
You are too injured to fight recklessly!
You are too injured to fight recklessly!
You are too injured to fight recklessly!
You are too injured to fight recklessly!
There are monsters nearby!
You slash the goblin!
You kill the goblin!
The goblin hits you with a +0 dagger. Robin throws the goblin at you!
The goblin hits you with a +0 club.
* * * LOW HITPOINT WARNING * * *
It was a potion of degeneration.
There was something very wrong with that liquid.
You feel weakened.
You feel dopey.
You feel clumsy. The goblin hits you but does no damage.
The goblin hits you with a +0 club.
* * * LOW HITPOINT WARNING * * *
It was a potion of mutation.
You feel extremely strange.
You feel yourself wasting away.
You feel vulnerable to heat.
You feel weaker. You block the goblin's attack.
The goblin hits you with a +0 club.
You die... ...# gg.
Sgr #gg

#g# #g#
#g# ##
#@# ...
##g# #.#
#..#
#..###.##
#......#
#......#
#......#
###....#
# ##>.##
#


You could see Robin, a quokka, 8 goblins and a ball python.

Vanquished Creatures
  5 bats (D:1)
  2 endoplasms (D:1)
  6 goblins
  A hobgoblin (D:1)
  5 kobolds
  2 quokkas (D:2)
  2 ball pythons (D:1)
  4 frilled lizards
  A rat (D:1)
28 creatures vanquished.

Vanquished Creatures (others)
  A plant (D:2)
1 creature vanquished.

Grand Total: 29 creatures vanquished

Notes
Turn   | Place    | Note
-------+----------+-------------------------------------------
     0 | D:1      | bearlyready the Tengu Fighter began the quest for the Orb.
     0 | D:1      | Reached XP level 1. HP: 14/14 MP: 2/2
   251 | D:1      | Reached XP level 2. HP: 19/19 MP: 3/3
   957 | D:2      | Found Doasui's Assorted Antiques.
   964 | D:2      | Reached XP level 3. HP: 22/23 MP: 4/4
  1005 | D:2      | Noticed Robin
  1012 | D:2      | HP: 1/23 [goblin/+0 club[Robin] (5)]
  1013 | D:2      | Gained mutation: Your body sometimes deteriorates upon
                  | taking damage. [potion of mutation]
  1013 | D:2      | Gained mutation: You are vulnerable to heat. (rF-) [potion
                  | of mutation]
  1013 | D:2      | Gained mutation: You are weak. (Str -2) [potion of
                  | mutation]
  1013 | D:2      | Slain by a goblin

Illustrated notes

Levels and vault maps discovered:
D:1:      amcnicky_arrival_wind_blow, layout_loops_corners
D:2:      layout_basic, hellmonk_ecumenical_altar_dog_temple, serial_shops,
          nicolae_shop_overgrown_old_shop, uniq_robin

Skill      XL: |  1  2 |
---------------+-------+-----
Long Blades    | 3 |  3.9
Fighting       | |  3.0
Armour         | |  3.2
Shields        | |  3.0

Action                     || total
---------------------------++-------
  Melee: Long sword        ||    58
         Kick              ||     9
         Peck              ||     5
    Use: Potion            ||     2
 Armour: Scale mail        ||    49
  Dodge: Dodged            ||    29
  Block: Buckler           ||    15

Table legend: (Time is in decaauts)
 A = Elapsed time spent in this place.
 B = Non-inter-level travel time spent in this place.
 C = Inter-level travel time spent in this place.
 D = Time resting spent in this place.
 E = Time spent auto-exploring this place.
 F = Levels seen in this place.
 G = Mean time per level.
                   A        B        C        D        E       F      G
               +--------+--------+--------+--------+--------+-----+--------+
         Total |   1028 |   1002 |     26 |      0 |    833 |   2 |  514.0 |
       Dungeon |   1028 |   1002 |     26 |      0 |    833 |   2 |  514.0 |
               +--------+--------+--------+--------+--------+-----+--------+

Top non-repeatable levels by time:
     D:1: 947 daAuts
     D:2: 81 daAuts
